HSSL
BUTLER HS GOLDEN TORNADO @ HUNTSVILLE HS WASPS
05/05/2029
 
TOP OF THE 1ST
Butler HS Golden Tornado batting - Pitching for Huntsville HS Wasps : RHP Gonzalo Torres
Pitching: RHP Gonzalo Torres
Batting: RHB Nick Washington 0-0: Called Strike
0-1: Foul Ball, location: 2F
0-2: Ball
1-2: Foul Ball, location: 2F
1-2: SINGLE (Groundball, 56D)
Batting: RHB Gary Estes 0-0: Called Strike
0-1: Ball
1-1: Ball
2-1: Ball
3-1: Called Strike
3-2: SINGLE (Flyball, 8LS)
Nick Washington to second
Runner from 2nd tries for 3rd, SAFE, no throw
Batting: LHB Francisco Sousa 0-0: Called Strike
0-1: Fly out, F8 (Flyball, 8LD)
Runner from 3rd tags up, SCORES, throw made
Pitching: RHP Álex Crus
Batting: RHB Blake Carpenter 0-0: Ball
1-0: Swinging Strike
1-1: Ball
2-1: Called Strike
2-2: Foul Ball, location: 2F
2-2: Ball
3-2: Base on Balls
Gary Estes to second
Batting: RHB Luis Mota 0-0: Ball
1-0: Foul Ball, location: 2F
1-1: Ball
2-1: Swinging Strike
2-2: Ball
3-2: Foul Ball, location: 2F
3-2: Base on Balls
Gary Estes to third
Blake Carpenter to second
Batting: RHB Ernie Saunders 0-0: Foul Ball, location: 2F
0-1: Called Strike
0-2: Ball
1-2: Strikes out swinging
Batting: RHB Miguel Gómes 0-0: Swinging Strike
0-1: Foul Ball, location: 2F
0-2: Foul Ball, location: 2F
0-2: Ground out 6-3 (Groundball, 6S)
Top of the 1st over - 1 run, 2 hits, 0 errors, 3 left on base; Butler HS 1 - Huntsville HS 0
BOTTOM OF THE 1ST
Huntsville HS Wasps batting - Pitching for Butler HS Golden Tornado : LHP Bryan Baker
Pitching: LHP Bryan Baker
Batting: RHB Esteban Garza 0-0: Ball
1-0: Ball
2-0: Called Strike
2-1: Ball
3-1: Called Strike
3-2: Foul Ball, location: 2F
3-2: Base on Balls
Batting: RHB Jim Mak 0-0: Foul Ball, location: 2F
0-1: Ground out U3 (Groundball, 3)
Esteban Garza to second
Batting: RHB Pete Rudder 0-0: Ball
1-0: Called Strike
1-1: Ball
2-1: Called Strike
2-2: Fly out, F7 (Flyball, 7S)
Batting: RHB John O'Savage 0-0: Called Strike
0-1: Ball
1-1: Foul Ball, location: 2F
1-2: Foul Ball, location: 2F
1-2: Foul Ball, location: 2F
1-2: Strikes out swinging
Bottom of the 1st over - 0 runs, 0 hits, 0 errors, 1 left on base; Butler HS 1 - Huntsville HS 0
TOP OF THE 2ND
Butler HS Golden Tornado batting - Pitching for Huntsville HS Wasps : RHP Álex Crus
Batting: RHB Michael Edmonds 0-0: Ball
1-0: Ball
2-0: Ball
3-0: Base on Balls
Batting: RHB Tom Copeland 0-0: Ball
1-0: Called Strike
1-1: Called Strike
1-2: Ball
2-2: Strikes out looking
Batting: RHB Nick Washington 0-0: Called Strike
Michael Edmonds steals 2nd base
0-1: Swinging Strike
0-2: Strikes out looking
Batting: RHB Gary Estes 0-0: Ball
Passed Ball!
Michael Edmonds to third
1-0: 2-RUN HOME RUN (Flyball, 7LD), Distance : 353 ft
Batting: LHB Francisco Sousa 0-0: Fly out, F7 (Flyball, 78M)
Top of the 2nd over - 2 runs, 1 hit, 0 errors, 0 left on base; Butler HS 3 - Huntsville HS 0
BOTTOM OF THE 2ND
Huntsville HS Wasps batting - Pitching for Butler HS Golden Tornado : LHP Bryan Baker
Batting: RHB Travis Baker 0-0: Ground out 5-3 (Groundball, 56)
Pitching: RHP Claudio García
Batting: RHB Mike Kennedy 0-0: SOLO HOME RUN (Flyball, 7LD), Distance : 342 ft
Batting: SHB Al Swanson 0-0: Swinging Strike
0-1: Foul Ball, location: 2F
0-2: Strikes out swinging
Batting: RHB Jorge Cortéz 0-0: SINGLE (Groundball, 4D)
Batting: RHB Dave Stroud 0-0: Ground out 4-3 (Groundball, 4)
Bottom of the 2nd over - 1 run, 2 hits, 0 errors, 1 left on base; Butler HS 3 - Huntsville HS 1
TOP OF THE 3RD
Butler HS Golden Tornado batting - Pitching for Huntsville HS Wasps : RHP Álex Crus
Batting: RHB Blake Carpenter 0-0: Ball
1-0: Ball
2-0: Swinging Strike
2-1: Called Strike
2-2: Strikes out swinging
Batting: RHB Luis Mota 0-0: Ball
1-0: DOUBLE (Flyball, 8RXD)
Batting: RHB Ernie Saunders 0-0: Foul Ball, location: 2F
0-1: Fly out, F9 (Flyball, 9)
Batting: RHB Miguel Gómes 0-0: Called Strike
0-1: Ground out 3-1 (Groundball, 34)
Top of the 3rd over - 0 runs, 1 hit, 0 errors, 1 left on base; Butler HS 3 - Huntsville HS 1
BOTTOM OF THE 3RD
Huntsville HS Wasps batting - Pitching for Butler HS Golden Tornado : RHP Claudio García
Batting: RHB Esteban Garza 0-0: Foul Ball, location: 2F
0-1: Ball
1-1: Foul Ball, location: 2F
1-2: Ball
2-2: SOLO HOME RUN (Flyball, 78XD), Distance : 436 ft
Batting: RHB Jim Mak 0-0: Called Strike
0-1: Ball
1-1: Ball
2-1: Ball
3-1: Base on Balls
Batting: RHB Pete Rudder 0-0: Ball
1-0: Ball
2-0: Ball
3-0: Base on Balls
Jim Mak to second
Batting: RHB John O'Savage 0-0: Fielders Choice at 2nd, 4-6 (Groundball, 4)
Jim Mak to third
Batting: RHB Travis Baker 0-0: Fly out, F7 (Flyball, 7S)
Batting: RHB Mike Kennedy 0-0: SINGLE (Flyball, 56D)
Jim Mak scores
John O'Savage to second
Batting: SHB Al Swanson 0-0: Called Strike
0-1: Foul Ball, location: 2F
0-2: Ball
1-2: Ball
2-2: Ball
3-2: Base on Balls
John O'Savage to third
Mike Kennedy to second
Batting: RHB Jorge Cortéz 0-0: Ball
1-0: Ball
2-0: Called Strike
2-1: Ball
3-1: Base on Balls
John O'Savage scores
Mike Kennedy to third
Al Swanson to second
Pitching: RHP Jorge Freitas
Batting: RHB Dave Stroud 0-0: Called Strike
0-1: Foul Ball, location: 2F
0-2: Ball
1-2: Ground out U3 (Groundball, 3L)
Bottom of the 3rd over - 3 runs, 2 hits, 0 errors, 3 left on base; Butler HS 3 - Huntsville HS 4
TOP OF THE 4TH
Butler HS Golden Tornado batting - Pitching for Huntsville HS Wasps : RHP Álex Crus
Batting: RHB Michael Edmonds 0-0: SINGLE (Groundball, 6D)
Batting: RHB Tom Copeland 0-0: Ball
1-0: Ball
2-0: Ball
3-0: Called Strike
3-1: Base on Balls
Michael Edmonds to second
Batting: RHB Nick Washington 0-0: Ball
1-0: Ball
2-0: Ball
3-0: Base on Balls
Michael Edmonds to third
Tom Copeland to second
Batting: RHB Gary Estes 0-0: SINGLE (Line Drive, 6)
Michael Edmonds scores
Tom Copeland to third
Nick Washington to second
Batting: LHB Francisco Sousa 0-0: Ball
Passed Ball!
Tom Copeland scores
Nick Washington to third
Gary Estes to second
1-0: Swinging Strike
1-1: Swinging Strike
1-2: Strikes out swinging
Batting: RHB Blake Carpenter 0-0: Called Strike
0-1: Ball
1-1: Foul Ball, location: 2F
1-2: Ball
2-2: Foul Ball, location: 2F
2-2: Foul Ball, location: 2F
2-2: Ball
3-2: Foul Ball, location: 2F
3-2: Base on Balls
Pitching: RHP Mario Ramos
Batting: RHB Luis Mota 0-0: Ball
1-0: Called Strike
1-1: Ball
2-1: Ball
3-1: Base on Balls
Nick Washington scores
Gary Estes to third
Blake Carpenter to second
Batting: RHB Ernie Saunders 0-0: SINGLE (Groundball, 6MD)
Gary Estes scores
Blake Carpenter to third
Luis Mota to second
Batting: RHB Miguel Gómes 0-0: Called Strike
0-1: SINGLE (Line Drive, 3D)
Blake Carpenter scores
Luis Mota to third
Ernie Saunders to second
Runner from 3rd tries for Home, SAFE, throw made home
Batting: RHB Michael Edmonds 0-0: Ball
1-0: Fielders Choice at 2nd, 3-6 (Groundball, 34)
Ernie Saunders to third
Batting: RHB Tom Copeland 0-0: Fielders Choice at 2nd, 5-4 (Groundball, 56)
Top of the 4th over - 6 runs, 4 hits, 0 errors, 2 left on base; Butler HS 9 - Huntsville HS 4
BOTTOM OF THE 4TH
Huntsville HS Wasps batting - Pitching for Butler HS Golden Tornado : RHP Jorge Freitas
Batting: RHB Esteban Garza 0-0: SINGLE (Groundball, 6MS) (infield hit)
Batting: RHB Jim Mak 0-0: Ball
1-0: Ball
2-0: Fly out, F9 (Flyball, 9LM)
Batting: RHB Pete Rudder 0-0: Called Strike
0-1: Foul Ball, location: 2F
0-2: Ball
1-2: Ball
2-2: Ball
3-2: 2-RUN HOME RUN (Flyball, 7LD), Distance : 364 ft
Batting: RHB John O'Savage 0-0: Ball
1-0: Ball
2-0: Ball
3-0: Called Strike
3-1: Base on Balls
Batting: RHB Travis Baker 0-0: Ball
1-0: Foul Ball, location: 2F
1-1: Ball
2-1: Swinging Strike
2-2: Ball
3-2: SINGLE (Line Drive, 89S)
John O'Savage to second
Runner from 2nd tries for 3rd, SAFE, throw made to third
Batting: RHB Mike Kennedy 0-0: Ball
1-0: Ball
2-0: Ball
3-0: Base on Balls
Travis Baker to second
Batting: SHB Al Swanson 0-0: Called Strike
0-1: Foul Ball, location: 2F
0-2: Ball
1-2: Ball
2-2: Strikes out swinging
Batting: RHB Jorge Cortéz 0-0: Called Strike
0-1: Ball
1-1: Called Strike
1-2: Strikes out swinging
Bottom of the 4th over - 2 runs, 3 hits, 0 errors, 3 left on base; Butler HS 9 - Huntsville HS 6
TOP OF THE 5TH
Butler HS Golden Tornado batting - Pitching for Huntsville HS Wasps : RHP Mario Ramos
Batting: RHB Nick Washington 0-0: Foul Ball, location: 2F
0-1: Ball
1-1: SINGLE (Flyball, 89S)
Batting: RHB Gary Estes 0-0: DOUBLE (Line Drive, 78S)
Nick Washington to third
Batting: LHB Francisco Sousa 0-0: Intentional Walk
Batting: RHB Blake Carpenter 0-0: Called Strike
0-1: Ball
1-1: Ball
2-1: Fly out, F8 (Flyball, 8LM)
Runner from 3rd tags up, SCORES, throw made
Batting: RHB Luis Mota 0-0: Foul Ball, location: 2F
0-1: Ball
1-1: SINGLE (Groundball, 34D)
Gary Estes to third
Francisco Sousa to second
Runner from 3rd tries for Home, SAFE, no throw
Batting: RHB Ernie Saunders 0-0: Ball
1-0: Called Strike
1-1: Called Strike
1-2: Ball
2-2: Strikes out swinging
Batting: RHB Miguel Gómes 0-0: Called Strike
0-1: Foul Ball, location: 2F
0-2: Ball
1-2: Ball
2-2: Foul Ball, location: 2F
2-2: Foul Ball, location: 2F
2-2: Ball
3-2: Fly out, F9 (Flyball, 89S)
Top of the 5th over - 2 runs, 3 hits, 0 errors, 2 left on base; Butler HS 11 - Huntsville HS 6
BOTTOM OF THE 5TH
Huntsville HS Wasps batting - Pitching for Butler HS Golden Tornado : RHP Jorge Freitas
Batting: RHB Dave Stroud 0-0: Foul Ball, location: 2F
0-1: Ball
1-1: Ball
2-1: Swinging Strike
2-2: Strikes out swinging
Batting: RHB Esteban Garza 0-0: Ball
1-0: Foul Ball, location: 2F
1-1: SINGLE (Groundball, 56D)
Batting: RHB Jim Mak 0-0: Fly out, F3 (Popup, 23F)
Batting: RHB Pete Rudder 0-0: Ball
1-0: Swinging Strike
1-1: Ball
2-1: Foul Ball, location: 2F
2-2: Foul Ball, location: 2F
2-2: Strikes out looking
Bottom of the 5th over - 0 runs, 1 hit, 0 errors, 1 left on base; Butler HS 11 - Huntsville HS 6
TOP OF THE 6TH
Butler HS Golden Tornado batting - Pitching for Huntsville HS Wasps : RHP Mario Ramos
Batting: RHB Michael Edmonds 0-0: SINGLE (Flyball, 7S)
Batting: RHB Tom Copeland 0-0: Fielders Choice at 2nd, 6-4 (Groundball, 6M)
Pitching: RHP Sergio Costello
Batting: RHB Nick Washington 0-0: Ball
Tom Copeland steals 2nd base
1-0: Foul Ball, location: 2F
1-1: Ball
Tom Copeland is caught stealing 3rd base
2-1: Called Strike
2-2: Ground out 6-3 (Groundball, 6)
Top of the 6th over - 0 runs, 1 hit, 0 errors, 0 left on base; Butler HS 11 - Huntsville HS 6
BOTTOM OF THE 6TH
Huntsville HS Wasps batting - Pitching for Butler HS Golden Tornado : RHP Jorge Freitas
Batting: RHB John O'Savage 0-0: Ball
1-0: Ball
2-0: Ball
3-0: Base on Balls
Batting: RHB Travis Baker 0-0: Foul Ball, location: 2F
0-1: Swinging Strike
0-2: Ball
Passed Ball!
John O'Savage to second
1-2: Strikes out swinging
Pitching: LHP Rich DeBerenger
Batting: RHB Mike Kennedy 0-0: Ball
1-0: Called Strike
1-1: Called Strike
1-2: Ball
2-2: SINGLE (Groundball, 4S) (infield hit)
John O'Savage to third
Batting: SHB Al Swanson 0-0: Called Strike
0-1: Reached on error, E6 (Groundball, 6)
John O'Savage scores
Mike Kennedy to second
Batting: RHB Jorge Cortéz 0-0: Ball
1-0: Ball
2-0: Foul Ball, location: 2F
2-1: Ball
3-1: Base on Balls
Mike Kennedy to third
Al Swanson to second
Batting: RHB Dave Stroud 0-0: Ball
1-0: Fielders Choice at 3rd, U5 (Groundball, 5L)
Mike Kennedy scores
Jorge Cortéz to second
Batting: RHB Esteban Garza 0-0: Foul Ball, location: 2F
0-1: Foul Ball, location: 2F
0-2: SINGLE (Line Drive, 4MD)
Jorge Cortéz to third
Dave Stroud to second
Runner from 3rd tries for Home, SAFE, throw made home
Batting: RHB Jim Mak 0-0: Called Strike
0-1: Swinging Strike
0-2: Strikes out swinging
Bottom of the 6th over - 3 runs, 2 hits, 1 error, 2 left on base; Butler HS 11 - Huntsville HS 9
TOP OF THE 7TH
Butler HS Golden Tornado batting - Pitching for Huntsville HS Wasps : RHP Sergio Costello
Batting: RHB Gary Estes 0-0: Foul Ball, location: 2F
0-1: Ball
1-1: Foul Ball, location: 2F
1-2: SINGLE (Line Drive, 78M)
Batting: LHB Francisco Sousa 0-0: Ball
1-0: Called Strike
1-1: Ball
2-1: Called Strike
2-2: Foul Ball, location: 2F
2-2: Ball
3-2: Strikes out looking
Batting: RHB Blake Carpenter 0-0: Called Strike
0-1: Called Strike
0-2: Ball
1-2: Foul Ball, location: 2F
1-2: Strikes out looking
Batting: RHB Luis Mota 0-0: Ball
1-0: Swinging Strike
1-1: Ball
2-1: DOUBLE (Line Drive, 9)
Gary Estes to third
Runner from 3rd tries for Home, SAFE, no throw
Batting: RHB Ernie Saunders 0-0: Ball
1-0: Ball
2-0: Ball
3-0: Called Strike
3-1: Called Strike
3-2: Foul Ball, location: 2F
3-2: Base on Balls
Batting: RHB Miguel Gómes 0-0: Ball
1-0: Swinging Strike
1-1: Ball
2-1: Fly out, F2 (Popup, 25F)
Top of the 7th over - 1 run, 2 hits, 0 errors, 2 left on base; Butler HS 12 - Huntsville HS 9
BOTTOM OF THE 7TH
Huntsville HS Wasps batting - Pitching for Butler HS Golden Tornado : LHP Rich DeBerenger
Batting: RHB Pete Rudder 0-0: Ball
1-0: Called Strike
1-1: Fly out, F7 (Flyball, 7)
Batting: RHB John O'Savage 0-0: Ball
1-0: Foul Ball, location: 2F
1-1: Called Strike
1-2: Strikes out looking
Batting: RHB Travis Baker 0-0: Ground out 4-3 (Groundball, 34)
Bottom of the 7th over - 0 runs, 0 hits, 0 errors, 0 left on base; Butler HS 12 - Huntsville HS 9
TOP OF THE 8TH
Butler HS Golden Tornado batting - Pitching for Huntsville HS Wasps : RHP Sergio Costello
Batting: RHB Michael Edmonds 0-0: Foul Ball, location: 2F
0-1: Ball
1-1: Called Strike
1-2: Foul Ball, location: 2F
1-2: Ball
2-2: Strikes out swinging
Batting: RHB Tom Copeland 0-0: DOUBLE (Line Drive, 8RD)
Batting: RHB Nick Washington 0-0: Ball
1-0: Ground out 6-3 (Groundball, 6S)
Tom Copeland to third
Batting: RHB Gary Estes 0-0: Swinging Strike
0-1: Ball
1-1: Ball
2-1: Ball
Wild Pitch!
Tom Copeland scores
3-1: Fly out, F9 (Flyball, 89S)
Top of the 8th over - 1 run, 1 hit, 0 errors, 0 left on base; Butler HS 13 - Huntsville HS 9
BOTTOM OF THE 8TH
Huntsville HS Wasps batting - Pitching for Butler HS Golden Tornado : LHP Rich DeBerenger
Batting: RHB Mike Kennedy 0-0: Foul Ball, location: 2F
0-1: Called Strike
0-2: Ball
1-2: Strikes out looking
Batting: SHB Al Swanson 0-0: Reached on error, E9 (Flyball, 9S)
Batting: RHB Jorge Cortéz 0-0: Called Strike
0-1: Called Strike
0-2: Ball
1-2: Foul Ball, location: 2F
1-2: Ball
2-2: Foul Ball, location: 2F
2-2: Ball
3-2: Foul Ball, location: 2F
3-2: Base on Balls
Al Swanson to second
Batting: RHB Dave Stroud 0-0: Swinging Strike
0-1: Fielders Choice at 2nd, 3-6 (Groundball, 34)
Al Swanson to third
Batting: RHB Esteban Garza 0-0: Called Strike
0-1: Called Strike
0-2: Strikes out swinging
Bottom of the 8th over - 0 runs, 0 hits, 1 error, 2 left on base; Butler HS 13 - Huntsville HS 9
TOP OF THE 9TH
Butler HS Golden Tornado batting - Pitching for Huntsville HS Wasps : RHP Sergio Costello
Pitching: RHP Leslie Meeks
Batting: LHB Francisco Sousa 0-0: Foul Ball, location: 2F
0-1: Called Strike
0-2: Ball
1-2: SINGLE (Line Drive, 4)
Batting: RHB Blake Carpenter 0-0: Ball
1-0: Called Strike
Francisco Sousa steals 2nd base
1-1: Foul Ball, location: 2F
1-2: Ball
2-2: Foul Ball, location: 2F
2-2: Ball
3-2: Foul Ball, location: 2F
3-2: Foul Ball, location: 2F
3-2: SINGLE (Line Drive, 6)
Francisco Sousa to third
Batting: RHB Luis Mota 0-0: Ball
1-0: Ball
2-0: Swinging Strike
2-1: Foul Ball, location: 2F
2-2: Strikes out swinging
Batting: RHB Ernie Saunders 0-0: Foul Ball, location: 2F
0-1: Ball
1-1: Called Strike
1-2: Fly out, F7 (Flyball, 7S)
Batting: RHB Miguel Gómes 0-0: Called Strike
0-1: Ball
1-1: Ball
2-1: Swinging Strike
2-2: Ball
3-2: Strikes out swinging
Top of the 9th over - 0 runs, 2 hits, 0 errors, 2 left on base; Butler HS 13 - Huntsville HS 9
BOTTOM OF THE 9TH
Huntsville HS Wasps batting - Pitching for Butler HS Golden Tornado : LHP Rich DeBerenger
Batting: RHB Jim Mak 0-0: Ball
1-0: Ball
2-0: SINGLE (Groundball, 6MD)
Batting: RHB Pete Rudder 0-0: Ball
1-0: Foul Ball, location: 2F
1-1: 2-RUN HOME RUN (Flyball, 7LD), Distance : 338 ft
Pitching: LHP Boyd Green
Batting: RHB John O'Savage 0-0: Called Strike
0-1: DOUBLE (Line Drive, 9LM)
Batting: RHB Travis Baker 0-0: Called Strike
0-1: Ball
1-1: Called Strike
1-2: Foul Ball, location: 2F
1-2: Foul Ball, location: 2F
1-2: Ball
2-2: SINGLE (Line Drive, 6MD)
John O'Savage to third
Batting: RHB Mike Kennedy 0-0: Ball
1-0: Foul Ball, location: 2F
1-1: Foul Ball, location: 2F
1-2: Ball
2-2: Fly out, F8 (Flyball, 8RD)
Batting: SHB Al Swanson 0-0: Ball
1-0: Ball
2-0: Fly out, F8 (Flyball, 8LD)
Batting: RHB Jorge Cortéz 0-0: Fly out, F4 (Popup, 4S)
Bottom of the 9th over - 2 runs, 4 hits, 0 errors, 2 left on base; Butler HS 13 - Huntsville HS 11
Saturday, December 16th, 2017 - OOTP Baseball 18.8 Build 76